 Dungeon Crawl Stone Soup version 0.22-b1-26-g9dbaab1 (webtiles) character file.

142 dracos369 the Conjurer (level 5, -1/35 HPs)
             Began as a Demonspawn Wizard on Aug 8, 2018.
             Slain by a goblin (3 damage)
             ... led by Robin
             ... on level 3 of the Dungeon.
             The game lasted 00:17:24 (2655 turns).

dracos369 the Conjurer (Demonspawn Wizard)          Turns: 2655, Time: 00:17:24

Health: -1/35      AC:  2    Str:  6 (8)  XL:     5   Next: 3%
Magic:  4/10       EV: 12    Int: 22 (25) God:
Gold:   126        SH:  8    Dex: 10 (11) Spells: 6/11 levels left

rFire    . . .     SeeInvis .   a - +0 whip
rCold    . . .     Gourm    .   (no shield)
rNeg     . . .     Faith    .   g - +0 robe
rPois    .         Spirit   .   m - +0 hat
rElec    .         Reflect  .   (no cloak)
rCorr    .         Harm     .   (no gloves)
MR       .....                  (no boots)
Stlth    ++........             (no amulet)
HPRegen  0.11/turn              (no ring)
MPRegen  0.12/turn              (no ring)

@: brilliant, very slightly contaminated, invisible
A: large bone plates 3
a: no special abilities


You were on level 3 of the Dungeon.
You were not hungry.

You visited 1 branch of the dungeon, and saw 3 of its levels.

You collected 126 gold pieces.

Inventory:

Hand Weapons
 a - a +0 whip (weapon)
 b - a +0 hunting sling
Missiles
 j - 11 sling bullets
 n - 49 stones (quivered)
 o - 2 throwing nets
Armour
 g - a +0 robe (worn)
 m - a +0 hat (worn)
Wands
 k - a wand of acid (10)
Scrolls
 c - 2 scrolls of teleportation {unknown}
 i - 3 scrolls of magic mapping {unknown}
 l - a scroll of identify {unknown}
 q - a scroll of noise {unknown}
Potions
 h - 5 potions of flight
 p - a potion of lignification
 s - a potion of cancellation {unknown}
 t - a potion of ambrosia {unknown}
 u - a potion of mutation {unknown}
Comestibles
 d - 4 rations
 v - 2 chunks of flesh


   Skills:
 - Level 1.7 Dodging
 - Level 1.7 Stealth
 + Level 3.5 Spellcasting
 * Level 3.9 Conjurations
 + Level 2.1 Summonings
 - Level 0.8 Translocations


You had 6 spell levels left.
You knew the following spells:

 Your Spells              Type           Power        Failure   Level  Hunger
a - Magic Dart            Conj           ####         1%          1    None
b - Blink                 Tloc           N/A          1%          2    ##.....
i - Call Imp              Summ           ####....     1%          2    ##.....

Your spell library contained the following spells:

 Spells                   Type           Power        Failure   Level  Hunger
 Conjure Flame            Conj/Fire      ####....     1%          3    ###....
 Slow                     Hex            ###.....     2%          2    ##.....
 Mephitic Cloud           Conj/Pois/Air  ###.....     2%          3    ###....


Dungeon Overview and Level Annotations

Branches:
Dungeon (3/15)

Altars:


Innate Abilities, Weirdness & Mutations

You are completely covered in large bone plates. (SH +8)


Message History

The goblin completely misses your crimson imp.
You hit the goblin.
The goblin is severely wounded.
Your crimson imp blinks!
You closely miss the goblin. The goblin hits you but does no damage.
You closely miss the goblin.
Your crimson imp blinks!
The goblin barely misses you. The goblin hits you but does no damage.
You barely miss the goblin. The goblin hits you but does no damage.
The goblin hits you.
* * * LOW HITPOINT WARNING * * *
You closely miss the goblin.
The goblin is heavily wounded.
The goblin hits you but does no damage. The goblin barely misses you.
You barely miss the goblin.
The goblin is heavily wounded.
You feel less wooden.
Your +0 hat unmelds from your body.
Your +0 robe unmelds from your body.
The goblin hits you.
You die...

...... #....### #####
#......# #.... #...##.#
### #....
######....#####<####....
...........[............
#####..######..####....
#).######.[# #.....
#g@).......# #.....
#g#######.## #..... #l##
#.# #..... #.ยง# #+#
#..... ##.# ....... #.#
....... #.## .... #..#
##g#


You could see 2 goblins and a frilled lizard.

Vanquished Creatures
  3 adders
  2 worms
  A dart slug (D:2)
  3 leopard geckos
  A ball python (D:3)
  5 bats
  6 giant cockroaches
  13 goblins
  9 hobgoblins
  4 frilled lizards
  7 kobolds
  A quokka skeleton (D:2)
  10 rats
65 creatures vanquished.

Vanquished Creatures (collateral kills)
  A jelly (D:3)
  Robin (D:3)
  An orc (D:3)
  4 goblins
  3 hobgoblins
  2 bats
  A frilled lizard (D:2)
13 creatures vanquished.

Grand Total: 78 creatures vanquished

Notes
Turn   | Place    | Note
-------+----------+-------------------------------------------
     0 | D:1      | dracos369 the Demonspawn Wizard began the quest for the Orb.
     0 | D:1      | Reached XP level 1. HP: 13/13 MP: 4/4
   225 | D:1      | Gained mutation: You are partially covered in large bone plates. (SH +4) [demonic ancestry]
   225 | D:1      | Reached XP level 2. HP: 19/19 MP: 1/6
   370 | D:1      | Learned a level 2 spell: Call Imp
   373 | D:1      | Learned a level 2 spell: Blink
   887 | D:2      | Reached XP level 3. HP: 24/24 MP: 2/7
  1442 | D:2      | Gained mutation: You are mostly covered in large bone plates. (SH +6) [demonic ancestry]
  1442 | D:2      | Reached XP level 4. HP: 30/30 MP: 5/8
  2592 | D:3      | Noticed Robin
  2632 | D:3      | Killed Robin
  2632 | D:3      | Gained mutation: You are completely covered in large bone plates. (SH +8) [demonic ancestry]
  2632 | D:3      | Reached XP level 5. HP: 7/35 MP: 1/10
  2639 | D:3      | HP: 2/52 [poisoned by Robin]
  2655 | D:3      | Slain by a goblin

Skill      XL: |  1  2  3  4 |
---------------+-------------+-----
Conjurations   | 2 3 |  3.9
Summonings     | 2 |  2.1
Dodging        | |  1.7
Stealth        | |  1.7
Spellcasting   | |  3.5
Translocations | |  0.8

Action                   |  1- 3 |  4- 6 || total
-------------------------+-------+-------++-------
Melee: Unarmed           |    12 |       ||    12
       Whip              |    32 |    97 ||   129
 Fire: Hunting sling     |    42 |    25 ||    67
 Cast: Magic Dart        |    48 |    25 ||    73
       Call Imp          |     2 |     9 ||    11
  Use: Potion            |       |     5 ||     5
 Stab: Invisible         |       |     3 ||     3
  Eat: Chunk             |     2 |     4 ||     6
Armor: Robe              |    13 |    10 ||    23
       Skin              |       |    30 ||    30
Dodge: Dodged            |    40 |    55 ||    95
Block: Other             |    15 |    29 ||    44
